 Dungeon Crawl Stone Soup version 0.27-a0-1177-g245c70e1c0 (webtiles) character file.

Game seed: 5927472214591168427

11 Glokmah the Skirmisher (level 2, 0/24 HPs)
             Began as a Demonspawn Monk on May 16, 2021.
             Succumbed to an adder's poison
             ... on level 2 of the Dungeon.
             The game lasted 00:01:21 (1266 turns).

Glokmah the Skirmisher (Demonspawn Monk)            Turns: 1266, Time: 00:01:21

Health: 0/24       AC:  3    Str: 11    XL:     2   Next: 13%
Magic:  2/2        EV: 12    Int: 11    God:
Gold:   69         SH:  4    Dex: 15    Spells: 1/1 levels left

rFire    . . .     SeeInvis .   a - +0 hand axe
rCold    . . .     Faith    .   (no shield)
rNeg     . . .     Spirit   .   b - +0 robe
rPois    .         Reflect  .   (no helmet)
rElec    .         Harm     .   (no cloak)
rCorr    .         Rampage  .   h - +0 pair of gloves
Will     .....                  (no boots)
Stlth    ++........             (no amulet)
HPRegen  0.08/turn              (no ring)
MPRegen  0.08/turn              (no ring)

@: lethally poisoned (0 -> -4)
A: condensation shield
a: no special abilities


You were on level 2 of the Dungeon.
You visited 1 branch of the dungeon, and saw 2 of its levels.

You collected 69 gold pieces.

Inventory:

Hand Weapons
 a - a +0 hand axe (weapon)
Armour
 b - a +0 robe (worn)
 h - a +0 pair of gloves (worn)
Scrolls
 c - a scroll of fear {unknown}
 d - a scroll of identify
 e - a scroll of magic mapping {unknown}
 f - a scroll of vulnerability {unknown}
 g - a scroll of teleportation {unknown}


   Skills:
 + Level 3.2 Fighting
 * Level 3.1 Axes
 - Level 2.6 Dodging
 - Level 1.7 Stealth


You had one spell level left.
You didn't know any spells.
Your spell library was empty.

Dungeon Overview and Level Annotations

Branches:
Dungeon (2/15)

Altars:

Shops:
D:1 *


Innate Abilities, Weirdness & Mutations

A meltable shield of frost defends you. (SH +4)


Message History

You block the adder's attack. The adder bites you.
You are poisoned.
The adder poisons you!
You hit the adder.
The adder is heavily wounded.
You feel sick. The adder barely misses you.
You barely miss the adder.
The adder is heavily wounded.
You feel sick. The adder bites you.
You are more poisoned.
The adder poisons you! The adder bites you.
You barely miss the adder.
The adder is heavily wounded.
* * * LOW HITPOINT WARNING * * *
You feel sick. The adder bites you.
* * * LOW HITPOINT WARNING * * *
You aren't carrying any potions.
Unknown command.
* * * LOW HITPOINT WARNING * * *
You feel sick.
As you read the scroll labelled ZIFOPE POPEYFU, it crumbles to dust.
It is a scroll of identify.
Really abort (and waste the scroll)? [Y]es or [N]o only, please.
Really abort (and waste the scroll)? [Y]es or [N]o only, please.
Really abort (and waste the scroll)? [Y]es or [N]o only, please.
Really abort (and waste the scroll)? [Y]es or [N]o only, please.
Really abort (and waste the scroll)? [Y]es or [N]o only, please.
Really abort (and waste the scroll)? [Y]es or [N]o only, please.
Really abort (and waste the scroll)?
Okay, then.
* * * LOW HITPOINT WARNING * * *
You feel sick. The adder closely misses you.
The adder bites you but does no damage.
You die...

#####.#+## #
#....## .#
##.....##.#
##.........#
#.........##
+.........+
#.........#
##.......##
##..@..##
##...##
##S## #K#


JS. ##.#. ....# ... . ... .# You could see 2 adders, an endoplasm and a kobold.

Vanquished Creatures
  A ball python (D:2)
  2 endoplasms (D:1)
  A goblin (D:1)
  2 bats (D:1)
  3 frilled lizards (D:1)
  3 rats
12 creatures vanquished.

Notes
Turn   | Place    | Note
-------+----------+-------------------------------------------
     0 | D:1      | Glokmah the Demonspawn Monk began the quest for the Orb.
     0 | D:1      | Reached XP level 1. HP: 18/18 MP: 1/1
   436 | D:1      | Found Nivo's Assorted Antiques.
   813 | D:1      | Gained mutation: A meltable shield of frost defends you.
                  | (SH +4) [demonic ancestry]
   813 | D:1      | Reached XP level 2. HP: 24/24 MP: 2/2
  1265 | D:2      | HP: 1/24 [poisoned by an adder]
  1266 | D:2      | Succumbed to an adder's poison

Illustrated notes

Levels and vault maps discovered:
D:1:      dpeg_arrival_ternary, layout_loops_ring, serial_shops, shop,
          wander_ebering_terrifying_dragon_lair
D:2:      layout_loops_corners, ebering_ecumenical_altar_rust, basic_altar

Skill      XL: |  1 |
---------------+----+-----
Axes           | 3 |  3.1
Fighting       | |  3.2
Dodging        | |  2.6
Stealth        | |  1.7

Action                   || total
-------------------------++-------
Melee: Hand axe          ||    53
  Use: Scroll            ||     1
 Stab: Sleeping          ||     4
Armor: Robe              ||    11
Dodge: Dodged            ||    37
Block: Other             ||     6

Table legend: (Time is in decaauts)
 A = Elapsed time spent in this place.
 B = Non-inter-level travel time spent in this place.
 C = Inter-level travel time spent in this place.
 D = Time resting spent in this place.
 E = Time spent auto-exploring this place.
 F = Levels seen in this place.
 G = Mean time per level.
                   A        B        C        D        E       F      G
               +--------+--------+--------+--------+--------+-----+--------+
         Total |   1276 |   1035 |    241 |      0 |    857 |   2 |  638.0 |
       Dungeon |   1276 |   1035 |    241 |      0 |    857 |   2 |  638.0 |
               +--------+--------+--------+--------+--------+-----+--------+

Top non-repeatable levels by time:
     D:1: 1191 daAuts
     D:2: 85 daAuts
